 Dungeon Crawl Stone Soup version 0.25-a0-869-g05d4e06a41 (webtiles) character file.

Game seed: 6655109825201672235, levelgen mode: classic

8255 Amnesiac the Frost Mage (level 11, -6/59 (60) HPs)
             Began as a Deep Elf Ice Elementalist on May 1, 2020.
             Was an Elder of Vehumet.
             Mangled by a hornet (11 damage)
             ... while paralysed by a hornet
             ... on level 9 of the Dungeon.
             The game lasted 00:21:48 (7369 turns).

Amnesiac the Frost Mage (Deep Elf Ice Elementalist) Turns: 7369, Time: 00:21:48

HP:   -6/59 (60)    AC:  8    Str: 10    XL:     11   Next: 7%
MP:   26/29         EV:  2    Int: 24    God:    Vehumet [****..]
Gold: 426           SH:  0    Dex: 15    Spells: 15/34 levels left

rFire    x . .     SeeInvis .   a - +0 scimitar (flame)
rCold    + . .     Gourm    .   (no shield)
rNeg     + . .     Faith    +   M - +2 robe {rN+}
rPois    .         Spirit   .   t - +1 helmet
rElec    .         Reflect  .   v - +1 cloak {MR+}
rCorr    .         Harm     .   (no gloves)
MR       ++...                  (no boots)
Stlth    ++........             o - amulet of faith
HPRegen  0.19/turn              x - +5 ring of strength
MPRegen  0.21/turn              E - ring of ice

@: paralysed, lethally poisoned (-6 -> -35), frozen ramparts, hasted and slowed
A: no striking features
a: Renounce Religion


You were on level 9 of the Dungeon.
You worshipped Vehumet.
Vehumet was greatly pleased with you.
You were not hungry.

You visited 1 branch of the dungeon, and saw 9 of its levels.

You collected 426 gold pieces.

Inventory:

Hand Weapons
 a - a +0 scimitar of flaming (weapon)
Missiles
 d - 6 poisoned darts
 q - 7 curare-tipped darts (quivered)
 H - a throwing net
Armour
 t - a +1 helmet (worn)
 u - a scarf of cloud immunity
 v - a +1 cloak of magic resistance (worn)
 I - a +3 ring mail of cold resistance
 M - a +2 robe of positive energy (worn)
Magical Staves
 b - an uncursed staff of wizardry {!a}
Jewellery
 o - an amulet of faith (around neck)
 x - a +5 ring of strength (left hand)
 E - a ring of ice (right hand)
Wands
 h - a wand of acid (6)
 y - a wand of paralysis (12)
 z - a wand of iceblast (10)
 K - a wand of polymorph (10)
Scrolls
 f - a scroll of enchant armour {!r}
 g - 4 scrolls of teleportation {!r}
 i - 6 scrolls of remove curse {!r}
 k - a scroll of magic mapping {!r}
 w - a scroll of holy word {!r}
 D - a scroll of fear {!r}
 F - a scroll of brand weapon {!r}
 J - a scroll of enchant weapon {!r}
Potions
 l - a potion of ambrosia {!q}
 n - a potion of might {!q}
 p - 2 potions of haste {!q}
 r - a potion of invisibility {!q}
 A - 4 potions of lignification {!q}
 B - 2 potions of curing {!q}
Comestibles
 c - 26 rations
 C - 4 chunks of flesh


   Skills:
 - Level 3.0 Fighting
 - Level 3.0 Dodging
 - Level 3.0 Stealth
 + Level 12.3 Spellcasting
 * Level 14.5 Ice Magic
 - Level 3.0 Evocations


You had 15 spell levels left.
You knew the following spells:

 Your Spells              Type           Power        Failure   Level  Hunger
b - Frozen Ramparts       Ice            ######       1%          3    None
c - Summon Ice Beast      Ice/Summ       ######..     1%          4    None
d - Hailstorm             Conj/Ice       ######..     1%          4    None
e - Metabolic Englaciati  Hex/Ice        ######....   6%          5    ###....
z - Ozocubu's Armour      Chrm/Ice       ######..     1%          3    None

Your spell library contained the following spells:

 Spells                   Type           Power        Failure   Level  Hunger
 Bolt of Magma            Conj/Fire/Erth ##........   28%         5    ###....
 Freeze                   Ice            ####         0%          1    None
 Confusing Touch          Hex            ##......     12%         3    None
 Gell's Gravitas          Tloc           ##........   12%         3    None
 Yara's Violent Unravell  Hex/Tmut       ##........   28%         5    ###....
 Petrify                  Tmut/Erth      ##......     38%         4    None


Dungeon Overview and Level Annotations

Branches:
Dungeon (9/15)             Temple (0/1) D:5
   Lair: D:8-11         Orc: D:9-12

Altars:
Elyvilon
Gozag
Okawaru
Vehumet

Shops:
D:6 (

Annotations:
D:7 exclusion: downstairs


Message History

Casting: Frozen Ramparts (safe; 1% risk of failure)
Confirm with . or Enter, or press ? or * to list all spells.
You cannot sustain more frozen ramparts right now.
You miss the hornet. The hornet barely misses you.
Something hits you but does no damage.
The necrophage hits you but does no damage.
The necrophage hits your ice beast but does no damage.
The hornet stings you.
The wight hits your ice beast with a cursed +0 hand axe.
The wight is destroyed!
Vehumet accepts your kill.
You closely miss the hornet.
The sentinel's mark upon you fades away.
The hornet stings you but does no damage.
Something hits you but does no damage.
The necrophage hits you but does no damage.
The necrophage hits your ice beast but does no damage.
The hornet stings you but does no damage.
The centaur hits your ice beast! The vampire hits your ice beast.
The vampire barely misses your ice beast.
A sky beast appears from thin air!
Reactivating autopickup.
The sky beast hits you but does no damage.
The necrophage completely misses you.
You completely miss the hornet.
You feel a little less mighty now. The centaur hits your ice beast.
The hornet stings you.
You are poisoned.
You feel yourself slow down.
The necrophage hits your ice beast but does no damage.
The vampire hits your ice beast.
Your ice beast dies!
The sky beast hits you but does no damage.
The hornet stings you but does no damage.
The necrophage hits you but does no damage.
Really quaff
p - 3 potions of haste {!q}?
You feel yourself speed up.
You feel less wooden.
You feel resistant to hostile enchantments.
You feel more protected from negative energy.
You feel yourself speed up.
You feel sick.
The centaur wields a +0 shortbow.
The centaur shoots an arrow.
The arrow barely misses you. The hornet stings you!
* * * LOW HITPOINT WARNING * * *
You are more poisoned.
You suddenly lose the ability to move!
The sky beast hits you but does no damage.
The necrophage hits you but does no damage.
The hornet stings you.
* * * LOW HITPOINT WARNING * * *
You are lethally poisoned!
You shrug off the repeated paralysis!
The sky beast hits you but does no damage.
* * * LOW HITPOINT WARNING * * *
You feel sick. The hornet stings you.
* * * LOW HITPOINT WARNING * * *
You are more poisoned.
You feel yourself slow down.
The wall freezes the centaur!
The centaur unwields a +0 shortbow.
The centaur hits you.
* * * LOW HITPOINT WARNING * * *
The necrophage hits you.
* * * LOW HITPOINT WARNING * * *
The hornet stings you!
You die...

.# #.# .# #######'### .####
#.........# ....# #.........#
******* ...รท# #...8.8...#
*,,,,,* ....# #.........# *,,,,,*
....####.........#***###,,,,,*
...)..##..PP8..n.##=...+,,,,,****
....#..'......Sy@'..#***,,,,,+,,,
....####......nYc#### *,,,,,****
##### #.......V.# *,,,,,* ,*
#...>.....# *,,,,,* ,*
##.######## **+**** ,* #.(,*****
*,,,*** +*** *...,,,,* ***,,,*
,,,* *...,,,,* ***,* ,,,*
*,,,,,,,*************+**


You could see a hornet, a vampire, a sky beast, 2 necrophages, a centaur and an
adder.

Vanquished Creatures
  Erica (D:8)
  A hydra (D:8)
  2 two-headed ogres (D:8)
  Prince Ribbit (D:5)
  Grinder (D:5)
  2 dream sheep (D:8)
  A hippogriff (D:8)
  A wyvern (D:8)
  Sigmund (D:3)
  5 yaks
  A steam dragon (D:8)
  2 orc warriors
  An ice beast (D:9)
  2 ogres
  A phantom (D:4)
  3 centaurs
  A necrophage (D:7)
  4 bullfrogs
  3 big kobolds (D:8)
  2 scorpions
  6 killer bees (D:8)
  A wight (D:9)
  A crimson imp (D:5)
  A bullfrog zombie (D:7)
  A quasit (D:8)
  A hound (D:8)
  A jelly (D:6)
  5 orc wizards
  A bullfrog skeleton (D:5)
  4 orc priests
  Crazy Yiuf (D:3)
  2 iguanas
  Jessica (D:2)
  Natasha (thrice) (D:3)
  Terence (D:3)
  Ijyb (D:5)
  5 worker ants
  A killer bee zombie (D:8)
  2 hound zombies
  A hound skeleton (D:8)
  Robin (D:2)
  6 gnolls (D:5)
  A howler monkey skeleton (D:6)
  8 adders
  An ooze (D:7)
  3 worms
  3 dart slugs
  4 leopard geckos
  37 orcs
  A ball python (D:1)
  3 giant cockroaches
  14 goblins
  9 hobgoblins
  9 jackals
  3 quokkas
  7 bats
  6 frilled lizards
  3 kobolds
  A leopard gecko skeleton (D:4)
  A quokka skeleton (D:5)
  3 rats (D:1)
200 creatures vanquished.

Vanquished Creatures (collateral kills)
  Harold (D:7)
  Menkaure (D:7)
  An ice beast (D:5)
  A necrophage (D:8)
  A wyvern skeleton (D:6)
  A wight (D:9)
  A crimson imp (D:7)
  An orc wizard (D:6)
  An adder skeleton (D:5)
9 creatures vanquished.

Grand Total: 209 creatures vanquished

Notes
Turn   | Place    | Note
-------+----------+-------------------------------------------
     0 | D:1      | Amnesiac the Deep Elf Ice Elementalist began the quest for
                  | the Orb.
     0 | D:1      | Reached XP level 1. HP: 10/10 MP: 6/6
    11 | D:2      | Noticed Jessica
    18 | D:2      | Killed Jessica
    18 | D:2      | Reached skill level 5 in Ice Magic
    18 | D:2      | Reached XP level 2. HP: 15/15 MP: 3/8
    42 | D:2      | Reached XP level 3. HP: 19/19 MP: 3/10
    47 | D:2      | Learned a level 3 spell: Frozen Ramparts
    51 | D:2      | Learned a level 3 spell: Ozocubu's Armour
   128 | D:2      | You fall into a shaft and drop 1 floor!
   128 | D:3      | Noticed Sigmund
   173 | D:3      | Killed Sigmund
   173 | D:3      | Reached skill level 5 in Spellcasting
   173 | D:3      | Reached skill level 6 in Ice Magic
   173 | D:3      | Reached XP level 4. HP: 2/24 MP: 4/13
   173 | D:3      | Reached XP level 5. HP: 2/28 MP: 4/14
   404 | D:3      | Learned a level 4 spell: Summon Ice Beast
   504 | D:3      | Reached skill level 7 in Ice Magic
   520 | D:3      | Reached XP level 6. HP: 10/32 MP: 9/16
   526 | D:3      | Learned a level 4 spell: Hailstorm
  1037 | D:4      | Found a radiant altar of Vehumet.
  1040 | D:4      | Found an iron altar of Okawaru.
  1045 | D:4      | Became a worshipper of Vehumet
  1701 | D:1      | Reached * piety under Vehumet
  1701 | D:1      | Offered knowledge of Sandblast by Vehumet.
  1917 | D:2      | Noticed Robin
  1926 | D:2      | Killed Robin
  2268 | D:2      | Found an opulent altar of Gozag.
  2270 | D:2      | Found a white marble altar of Elyvilon.
  2383 | D:3      | Noticed Terence
  2392 | D:3      | Killed Terence
  2392 | D:3      | Reached skill level 8 in Ice Magic
  2392 | D:3      | Reached XP level 7. HP: 36/36 MP: 14/18
  2402 | D:3      | Found a runed translucent door.
  2403 | D:3      | Noticed Crazy Yiuf
  2409 | D:3      | Killed Crazy Yiuf
  2450 | D:3      | Noticed Natasha
  2458 | D:3      | Killed Natasha
  2734 | D:3      | Noticed Natasha
  2739 | D:3      | Killed Natasha
  2939 | D:3      | Noticed Natasha
  2949 | D:3      | Killed Natasha
  2949 | D:3      | Offered knowledge of Foxfire by Vehumet.
  3265 | D:4      | Reached ** piety under Vehumet
  3322 | D:4      | Reached skill level 1 in Evocations
  3367 | D:5      | Entered Level 5 of the Dungeon
  3473 | D:5      | HP: 1/36 [centaur (4)]
  3475 | D:5      | Reached skill level 9 in Ice Magic
  3765 | D:5      | Noticed Ijyb
  3777 | D:5      | Killed Ijyb
  3777 | D:5      | Reached XP level 8. HP: 41/41 MP: 16/20
  3799 | D:5      | Offered knowledge of Conjure Flame by Vehumet.
  3817 | D:5      | Found a staircase to the Ecumenical Temple.
  3888 | D:5      | Noticed Grinder
  3901 | D:5      | Killed Grinder
  3923 | D:5      | Noticed Prince Ribbit
  3930 | D:5      | Killed Prince Ribbit
  4004 | D:5      | Reached skill level 10 in Ice Magic
  4507 | D:6      | Reached skill level 1 in Fighting
  4652 | D:6      | Reached *** piety under Vehumet
  4790 | D:6      | Found Pexi's Antique Weapon Emporium.
  5066 | D:7      | Offered knowledge of Fulminant Prism by Vehumet.
  5066 | D:7      | Reached XP level 9. HP: 23/48 MP: 23/23
  5259 | D:7      | Noticed Menkaure
  5266 | D:7      | Killed Menkaure
  5394 | D:7      | Reached skill level 11 in Ice Magic
  5466 | D:7      | Noticed Harold
  5476 | D:7      | Killed Harold
  5742 | D:8      | Noticed a two-headed ogre
  5884 | D:8      | Killed a two-headed ogre
  5884 | D:8      | Reached skill level 10 in Spellcasting
  5884 | D:8      | Reached skill level 12 in Ice Magic
  5928 | D:8      | Reached **** piety under Vehumet
  5928 | D:8      | Reached XP level 10. HP: 55/55 MP: 26/26
  5993 | D:8      | Noticed a three-headed hydra
  6023 | D:8      | Killed a two-headed hydra
  6023 | D:8      | Offered knowledge of Bolt of Magma by Vehumet.
  6023 | D:8      | Reached skill level 13 in Ice Magic
  6484 | D:8      | Noticed a two-headed ogre
  6496 | D:8      | Killed a two-headed ogre
  6632 | D:8      | Reached skill level 14 in Ice Magic
  6686 | D:8      | Noticed Erica
  6764 | D:8      | Learned a level 5 spell: Metabolic Englaciation
  6815 | D:8      | Killed Erica
  7254 | D:9      | Reached XP level 11. HP: 50/59 MP: 27/29
  7368 | D:9      | Paralysed by a hornet for 3 turns
  7369 | D:9      | Mangled by a hornet

Levels and vault maps discovered:
D:1:      dpeg_arrival_long_road, layout_loops_ring
D:2:      layout_loops_ring, grunt_temple_overflow_open, grunt_ministairs_15,
          uniq_jessica, uniq_robin
D:3:      layout_basic, first_ration, grunt_ministairs_1, uniq_sigmund,
          uniq_natasha, uniq_terence, uniq_crazy_yiuf_cottage
D:4:      layout_rooms, minitemple
D:5:      layout_loops_ring, minmay_temple_entry_arrows, serial_park_tiny_2,
          uniq_ijyb, uniq_prince_ribbit1, uniq_grinder
D:6:      layout_loops_cross, serial_shops,
          nicolae_shop_temple_entry_statues_fountains
D:7:      layout_gridville, uniq_menkaure, uniq_harold
D:8:      layout_loops_cross, minmay_misc_feat_nine_boxes, hangedman_ranch
          [blue_anna_fruit_fields], uniq_erica
D:9:      layout_roguey, serial_undead, serial_undead_c, serial_undead_d,
          serial_undead_e, serial_undead_f, serial_undead_c

Skill      XL: |  1  2  3  4  5  6  7  8  9 10 |
---------------+-------------------------------+-----
Ice Magic      | 5 6 7 8 9 10 12 14 | 14.5
Spellcasting   | 5 6 7 8 10 12 | 12.3
Stealth        | 3 |  3.0
Evocations     | 2 3 |  3.0
Dodging        | 3 |  3.0
Fighting       | 1 3 |  3.0

Action                   |  1- 3 |  4- 6 |  7- 9 | 10-12 || total
-------------------------+-------+-------+-------+-------++-------
Melee: Flail             |       |    22 |    79 |       ||   101
       Hand axe          |       |       |       |    28 ||    28
       Scimitar          |       |       |       |    41 ||    41
Throw: Dart              |     1 |       |       |     1 ||     2
 Cast: Freeze            |    11 |    56 |    31 |    19 ||   117
       Frozen Ramparts   |     2 |     8 |    45 |    22 ||    77
       Summon Ice Beast  |       |       |    16 |     3 ||    19
Evoke: Wand              |       |       |     8 |     3 ||    11
  Use: Scroll            |       |       |       |    14 ||    14
       Potion            |       |       |       |     4 ||     4
 Stab: Distracted        |       |       |     1 |       ||     1
  Eat: Chunk             |       |     5 |    12 |     4 ||    21
Armor: Robe              |     3 |    12 |    36 |    35 ||    86
       Skin              |       |       |       |    25 ||    25
       Ring mail         |       |       |       |     1 ||     1
Dodge: Dodged            |     9 |    44 |    82 |    62 ||   197
       Rpst.: Scimitar   |       |       |       |    14 ||    14

Table legend:
 A = Non-vault XP
 B = Vault XP
 C = Vault XP percentage of total XP
 D = Non-vault monster count
 E = Vault monster count
 F = Vault count percentage of total count
                 A         B        C        D         E       F
            +---------+---------+-------+---------+---------+-------
      Total |    6887 |    4906 |  41.6 |     169 |      40 |  19.1
            +---------+---------+-------+---------+---------+-------
        D:1 |      44 |       0 |   0.0 |      25 |       0 |   0.0
        D:2 |      41 |      79 |  65.8 |       8 |      14 |  63.6
        D:3 |     169 |     379 |  69.2 |      20 |      10 |  33.3
        D:4 |     374 |       0 |   0.0 |      15 |       0 |   0.0
        D:5 |     462 |     565 |  55.0 |      21 |       3 |  12.5
        D:6 |     353 |       0 |   0.0 |      12 |       0 |   0.0
        D:7 |     809 |     836 |  50.8 |      29 |       2 |   6.5
        D:8 |    3543 |    2955 |  45.5 |      28 |       9 |  24.3
        D:9 |    1092 |      92 |   7.8 |      11 |       2 |  15.4
            +---------+---------+-------+---------+---------+-------
